[Event "Late-Titled-Tuesday-Blitz-March-12-2024"]
[Site "Chess.com"]
[Date "2024.03.12"]
[Round "1"]
[White "chess_blitz00"]
[Black "MarcoRiehle"]
[Result "0-1"]
[WhiteElo "2453"]
[BlackElo "2805"]
[TimeControl "180+1"]
[EndTime "14:06:34 PDT"]
[Termination "MarcoRiehle won by resignation"]

1. Nf3 Nf6 2. g3 c5 3. Bg2 Nc6 4. O-O e5 5. d3 d5 6. e4 d4 7. a4 Bg4 8. Qe1 Qd7 9. Na3 Bd6 10. Nc4 Bc7 11. Nfd2 h5 12. f3 Bh3 13. Nb3 b6 14. f4 h4 15. f5 Bxg2 16. Kxg2 hxg3 17. hxg3 O-O-O 18. Qe2 Rh7 19. Bg5 Rdh8 20. Rh1 Nh5 21. Nbd2 f6 22. Bh4 Nf4+ 23. gxf4 Rxh4 24. fxe5 Nxe5 25.
Nxe5 Bxe5 26. Rxh4 Rxh4 27. Rh1 Rxh1 28. Kxh1 Qxa4 29. Nc4 Qa1+ 30. Kg2 Qc1 31. Nxe5 fxe5 32. b3 Kb7 33. Kh3 Ka6 34. Qg4 Qh6+ 35. Kg3 Kb5 36. Qg5 Qxg5+ 0-1

[Event "Late-Titled-Tuesday-Blitz-March-12-2024"]
[Site "Chess.com"]
[Date "2024.03.12"]
[Round "1"]
[White "Alexm42100"]
[Black "SamuraisOfChess"]
[Result "0-1"]
[WhiteElo "2114"]
[BlackElo "2580"]
[TimeControl "180+1"]
[EndTime "14:06:34 PDT"]
[Termination "SamuraisOfChess won by resignation"]

1. d4 Nf6 2. c4 e6 3. Nc3 Bb4 4. e3 Bxc3+ 5. bxc3 d5 6. cxd5 exd5 7. Bd3 O-O 8. Ne2 c6 9. O-O Re8 10. Ng3 Nbd7 11. f3 Nf8 12. e4 dxe4 13. fxe4 Ng6 14.
Bg5 Qa5 15. Bxf6 gxf6 16. Nh5 Re6 17. Nxf6+ Kg7 18. Nh5+ Kh6 19. Qd2+ Qg5 20. Qxg5+ Kxg5 21. Ng3 Re7 22. Rf5+ Bxf5 23. Nxf5 Rd7 24. g3 Ne7 25. h4+ Kf6 26. e5+ Ke6 27. Rf1 Nd5 28. Nd6 Rxd6 29.
exd6 Nxc3 30. Bc4+ Nd5 31. Kg2 Rf8 32. Kh3 Kxd6 33.
Bxd5 Kxd5 34. Kg4 Kxd4 35. Kh5 c5 36. g4 c4 37. g5 c3 38. Kh6 Kd3 39. Kg7 Rc8 40.
Kxh7 c2 41. Kg7 c1=Q 42. Rxc1 Rxc1 43. Kxf7 Rh1 0-1

[Event "Late-Titled-Tuesday-Blitz-March-12-2024"]
[Site "Chess.com"]
[Date "2024.03.12"]
[Round "1"]
[White "Rutricks"]
[Black "TheAlienParty"]
[Result "1-0"]
[WhiteElo "2718"]
[BlackElo "2402"]
[TimeControl "180+1"]
[EndTime "14:06:37 PDT"]
[Termination "Rutricks won by checkmate"]

1. Nc3 c5 2. e4 Nc6 3. Bb5 Nd4 4. Bc4 e6 5. Nge2 Nxe2 6. Qxe2 d6 7. f4 a6 8. a4 g6 9. O-O Bg7 10. f5 Bd4+ 11. Kh1 Ne7 12. d3 Nc6 13. fxe6 Bxe6 14. Bxe6 fxe6 15. Qg4 Qd7 16. Bg5 Ne5 17. Qh3 Nf7 18. Bf6 Bxf6 19. Rxf6 O-O 20. Rxe6 Rad8 21. Rf6 Qxh3 22. gxh3 Ne5 23. Raf1 Rxf6 24. Rxf6 Kg7 25. Nd5 b5 26. a5 Nc6 27. Rf1 Nd4 28. Nc7 Nxc2 29.
Ne6+ Kh6 30. Nxd8 Nb4 31. Rf3 Kg5 32. Ne6+ Kh4 33. Kg2 g5 34. Ng7 h6 35. Rf6 g4 36.
Rxh6+ Kg5 37. Rxd6 gxh3+ 38. Kxh3 c4 39. dxc4 bxc4 40.
Rd4 c3 41. Rxb4 c2 42. Rc4 Kf6 43. Rxc2 Kxg7 44. Rc6 Kf8 45. Kg4 Ke7 46. Kf5 Kd7 47. Rb6 Kc7 48. h4 Kd7 49. h5 Ke7 50. h6 Kf7 51.
Rb7+ Kg8 52. Kf6 Kh8 53. Kg6 Kg8 54. Rb8# 1-0

[Event "Late-Titled-Tuesday-Blitz-March-12-2024"]
[Site "Chess.com"]
[Date "2024.03.12"]
[Round "1"]
[White "diamonds13"]
[Black "Korchmar_Vasiliy"]
[Result "0-1"]
[WhiteElo "2353"]
[BlackElo "2692"]
[TimeControl "180+1"]
[EndTime "14:06:38 PDT"]
[Termination "Korchmar_Vasiliy won by resignation"]

1. d4 d5 2. c4 c6 3. cxd5 cxd5 4. Bf4 Nc6 5. e3 Nf6 6. Nc3 a6 7. Bd3 Bg4 8. f3 Bd7 9. Nge2 g6 10. g4 Bg7 11. h4 O-O 12. h5 b5 13. Qb1 b4 14. Nd1 e6 15. Bg5 e5 16. hxg6 fxg6 17. Bxg6 hxg6 18. Qxg6 Qe8 19. Qc2 e4 20. Nf4 Rc8 21.
Qh2 exf3 22. Bxf6 Rxf6 23. Qh7+ Kf8 24. Nxd5 f2+ 25. Nxf2 Nxd4 26. g5 Nf3+ 27. Kf1 Bb5+ 28. Kg2 Nxg5 29. Nxf6 Qc6+ 30. e4 Nxh7 31. Nxh7+ Kg8 32.
Ng5 Qg6 33. Nh3 Bd7 34. Rag1 Bd4 35. Nf4 Qxg5+ 36. Kh2 Bxg1+ 0-1

[Event "Late-Titled-Tuesday-Blitz-March-12-2024"]
[Site "Chess.com"]
[Date "2024.03.12"]
[Round "1"]
[White "ketster"]
[Black "Oleksandr_Bortnyk"]
[Result "0-1"]
[WhiteElo "2543"]
[BlackElo "3013"]
[TimeControl "180+1"]
[EndTime "14:06:39 PDT"]
[Termination "Oleksandr_Bortnyk won by resignation"]

1. d4 Nf6 2. c4 b6 3. a3 Bb7 4.
Nc3 g6 5. d5 Bg7 6. e4 d6 7. Nf3 O-O 8. Bd3 a5 9. O-O Na6 10. Bc2 Nc5 11. Be3 e5 12. b4 Ncd7 13. Nd2 Nh5 14. Rb1 axb4 15. axb4 Ba6 16. Re1 Qe7 17. Ra1 Bb7 18. Nb3 Rxa1 19. Qxa1 Ra8 20. Qc1 Ba6 21. Bd3 Nf4 22. Bf1 Nh5 23. c5 Bxf1 24.
Rxf1 bxc5 25. bxc5 f5 26. exf5 gxf5 27. cxd6 cxd6 28.
f3 Rc8 29. Qd2 e4 30. Nb5 exf3 31. Rxf3 Ne5 32. Rxf5 Nc4 33. Qf2 Nxe3 34. Rxh5 Rf8 35. Qe2 Rf1+ 36. Qxf1 Nxf1 37. Kxf1 Qf7+ 0-1

[Event "Late-Titled-Tuesday-Blitz-March-12-2024"]
[Site "Chess.com"]
[Date "2024.03.12"]
[Round "1"]
[White "flubs"]
[Black "baag"]
[Result "0-1"]
[WhiteElo "2481"]
[BlackElo "2854"]
[TimeControl "180+1"]
[EndTime "14:06:39 PDT"]
[Termination "baag won by resignation"]

1. Nf3 Nf6 2. c4 b6 3. d3 Bb7 4.
e4 c5 5. Nc3 d6 6. g3 g6 7. Bg2 Bg7 8. O-O O-O 9. Re1 Nc6 10. Bg5 a6 11. Qd2 Re8 12. h3 Nd7 13. Nd5 Nde5 14. Nh2 Nd4 15. Be3 e6 16. Bxd4 cxd4 17.
Nf4 b5 18. b3 Qb6 19. Ne2 a5 20. f4 Nd7 21. Nf3 a4 22. Rab1 a3 23. Qb4 Nc5 24. Red1 Nxe4 25. cxb5 Nc3 26. Re1 Nxb1 27. Rxb1 e5 28.
Kh2 e4 29. dxe4 Bxe4 30. Rd1 d3 31. Neg1 d5 32. Rd2 Rec8 33. Qe7 Rc2 34. Rd1 Qf2 0-1

[Event "Late-Titled-Tuesday-Blitz-March-12-2024"]
[Site "Chess.com"]
[Date "2024.03.12"]
[Round "1"]
[White "robertoalejandro10"]
[Black "Rud_Makarian"]
[Result "0-1"]
[WhiteElo "2554"]
[BlackElo "3052"]
[TimeControl "180+1"]
[EndTime "14:06:40 PDT"]
[Termination "Rud_Makarian won by resignation"]

1. Nf3 Nf6 2. b3 d5 3. Bb2 Bg4 4. g3 Bxf3 5. exf3 g6 6. Bg2 Bg7 7. O-O O-O 8. f4 e6 9. d3 c5 10. Nd2 Nc6 11. Re1 Rc8 12. Nf3 Nd7 13. Bxg7 Kxg7 14. Qd2 Qf6 15. Rad1 b5 16. h4 b4 17. Bh3 Qc3 18. Qxc3+ bxc3 19. Re2 a5 20. a4 Nb6 21. Rde1 Nb4 22. Ne5 Rc7 23. h5 c4 24. dxc4 dxc4 25. Nxc4 Nxc4 26. bxc4 Rd8 27. hxg6 hxg6 28. Bf1 Rxc4 29. Rxe6 fxe6 30. Bxc4 Nxc2 31.
Rxe6 Na3 32. Re7+ Kh6 33. Bb3 Rb8 34. Bc2 Nxc2 35. Rc7 Nd4 36. Kg2 c2 0-1

[Event "Late-Titled-Tuesday-Blitz-March-12-2024"]
[Site "Chess.com"]
[Date "2024.03.12"]
[Round "1"]
[White "HansOnTwitch"]
[Black "subham777"]
[Result "1-0"]
[WhiteElo "3107"]
[BlackElo "2564"]
[TimeControl "180+1"]
[EndTime "14:06:41 PDT"]
[Termination "HansOnTwitch won by checkmate"]

1. e4 e6 2. d4 d5 3. Nc3 Nf6 4.
e5 Nfd7 5. f4 c5 6. Nf3 Nc6 7.
Be3 a6 8. Ne2 b5 9. c3 Qb6 10. g3 g6 11. Bh3 h5 12. O-O a5 13.
a3 Ba6 14. Kh1 Be7 15. Qc2 Rc8 16. Bxe6 fxe6 17. Qxg6+ Kd8 18. f5 Nf8 19. Qg7 Rh7 20.
f6 Rxg7 21. fxg7 b4 22. Nf4 Bxf1 23. Rxf1 Qb5 24. Kg2 bxa3 25. bxa3 Qb2+ 26. Bf2 Qxc3 27. g8=Q Kd7 28. Nxh5 Nxd4 29. Nxd4 cxd4 30. Qf7 Qxa3 31.
Nf6+ Kc7 32. Bxd4 Qa2+ 33. Rf2 Qa3 34. Ng8 Nd7 35. Nxe7 Qb4 36. Qxe6 Qxd4 37. Qd6+ Kd8 38. Rf8# 1-0

[Event "Late-Titled-Tuesday-Blitz-March-12-2024"]
[Site "Chess.com"]
[Date "2024.03.12"]
[Round "1"]
[White "ElDivis"]
[Black "Zhigalko_Sergei"]
[Result "0-1"]
[WhiteElo "2474"]
[BlackElo "2845"]
[TimeControl "180+1"]
[EndTime "14:06:41 PDT"]
[Termination "Zhigalko_Sergei won by resignation"]

1. d4 Nf6 2. Nf3 e6 3. e3 b6 4.
Bd3 Bb7 5. O-O d5 6. b3 Bd6 7. c4 O-O 8. Nc3 Nbd7 9. Qc2 c5 10. cxd5 exd5 11. Bb2 Rc8 12. Rac1 Re8 13. Qe2 Nf8 14. Ba6 Qe7 15. Rfd1 Ne6 16. Bxb7 Qxb7 17. dxc5 bxc5 18. Qb5 Qa8 19. Qd3 Rcd8 20. Ne2 d4 21.
exd4 cxd4 22. Nexd4 Ng4 23. Qf5 Nh6 24. Qh5 Nf4 25.
Qh4 Re4 26. Nb5 Ne2+ 27. Kf1 Rxh4 28. Nxh4 Nxc1 0-1

[Event "Late-Titled-Tuesday-Blitz-March-12-2024"]
[Site "Chess.com"]
[Date "2024.03.12"]
[Round "1"]
[White "Hikaru"]
[Black "RantomOpening"]
[Result "1-0"]
[WhiteElo "3254"]
[BlackElo "2570"]
[TimeControl "180+1"]
[EndTime "14:06:42 PDT"]
[Termination "Hikaru won by resignation"]

1. Nf3 d5 2. c4 e6 3. e3 Nf6 4. b3 c5 5. Bb2 Nc6 6. cxd5 Nxd5 7. Bb5 Bd7 8. O-O Nf6 9. Nc3 Bd6 10. d4 O-O 11.
dxc5 Bxc5 12. a3 a6 13. Bd3 Qe7 14. b4 Ba7 15. Qc2 Rac8 16. Rac1 h6 17. Rfd1 Rfd8 18. Qe2 b5 19. Ne4 Nxe4 20. Bxe4 a5 21. bxa5 Nxa5 22. Ne5 Nc4 23. Nxc4 bxc4 24. Rxc4 Rb8 25. Rcc1 Bb5 26. Rxd8+ Qxd8 27. Qg4 f6 28. Qxe6+ Kh8 29. Qf5 Qg8 30.
Bxf6 gxf6 31. Rc7 Bd7 32. Rxd7 1-0

[Event "Late-Titled-Tuesday-Blitz-March-12-2024"]
[Site "Chess.com"]
[Date "2024.03.12"]
[Round "1"]
[White "remi04"]
[Black "N_Mullodzhanov"]
[Result "1-0"]
[WhiteElo "2904"]
[BlackElo "2516"]
[TimeControl "180+1"]
[EndTime "14:06:43 PDT"]
[Termination "remi04 won by checkmate"]

1. e4 c6 2. c4 d5 3. cxd5 cxd5 4. exd5 Nf6 5. Bb5+ Nbd7 6. Nf3 Nxd5 7. Nc3 Nf6 8.
O-O e6 9. d4 a6 10. Ba4 b5 11.
Bb3 Nb6 12. a4 b4 13. a5 Nbd5 14. Nxd5 Nxd5 15. Ba4+ Bd7 16. Ne5 Bb5 17. Bxb5+ axb5 18. Qd3 Nc7 19. Qf3 Qe7 20. Qc6+ Kd8 21. Qb7 Qe8 22.
Bf4 Bd6 23. Nxf7+ Qxf7 24. Bxd6 Rc8 25. Rac1 Qd7 26. Bg3 Nd5 27. Bh4+ Nf6 28. Rxc8+ Qxc8 29. Qxg7 Qd7 30. Bxf6+ Kc7 31. Rc1+ Kb8 32. Qxd7 Rc8 33. Rxc8# 1-0

[Event "Late-Titled-Tuesday-Blitz-March-12-2024"]
[Site "Chess.com"]
[Date "2024.03.12"]
[Round "1"]
[White "scrambleyourbrain"]
[Black "Meri-Arabidze"]
[Result "0-1"]
[WhiteElo "2384"]
[BlackElo "2706"]
[TimeControl "180+1"]
[EndTime "14:06:43 PDT"]
[Termination "Meri-Arabidze won by resignation"]

1. e4 e5 2. Nf3 Nc6 3. Bb5 a6 4. Ba4 Nf6 5. O-O Be7 6. Re1 b5 7. Bb3 d6 8. c3 O-O 9. h3 Na5 10. Bc2 c5 11. d4 Qc7 12. Nbd2 cxd4 13. cxd4 Nc6 14. Nb3 a5 15. Be3 a4 16. Nbd2 Nb4 17. Bb1 Bd7 18. a3 Na6 19. Bd3 exd4 20. Nxd4 Qb7 21. Qe2 Rab8 22. Rac1 Nc5 23. Bf4 Rfe8 24. Bb1 Bf8 25. f3 Rbc8 26. Qf2 g6 27. Ne2 Nh5 28. Be3 Bg7 29. Nc3 b4 30. axb4 Qxb4 31. Nf1 Nb3 32. Nd5 Qb7 33. Rxc8 Qxc8 34. Nd2 Nc5 35. Nc4 Nxe4 36. fxe4 Qxc4 37. Rc1 Qb3 38. Nc3 Qb7 39. Ba2 Rf8 40. Bd5 Qb4 41. Rb1 Bxc3 42. Qc2 Bd4 43. Bxd4 Qxd4+ 44. Kh2 Qe5+ 45. Kg1 Nf4 46. Rf1 Nxd5 47.
exd5 0-1

[Event "Late-Titled-Tuesday-Blitz-March-12-2024"]
[Site "Chess.com"]
[Date "2024.03.12"]
[Round "1"]
[White "katharinareinecke"]
[Black "xasid81"]
[Result "0-1"]
[WhiteElo "1977"]
[BlackElo "2576"]
[TimeControl "180+1"]
[EndTime "14:06:43 PDT"]
[Termination "xasid81 won on time"]

1. e4 d5 2. exd5 Qxd5 3. Nc3 Qa5 4. d3 Nf6 5. Bd2 c6 6. Nf3 Qc7 7. g3 h6 8. Bg2 Bf5 9. O-O e6 10. h3 Bd6 11. Nh4 Bh7 12. Ne4 Nxe4 13. dxe4 O-O 14. Qe2 Nd7 15. Be3 Bc5 16. f4 Bxe3+ 17. Qxe3 Qb6 18.
Qxb6 Nxb6 19. b3 Rfd8 20. Rad1 g5 21. fxg5 hxg5 22. Nf3 Bxe4 23. Nxg5 Rxd1 24. Rxd1 Bxc2 25. Rf1 Bg6 26. Be4 Bxe4 27. Nxe4 Rd8 28. h4 Nd5 29. h5 b6 30. Kh2 Kg7 31. Ng5 Rd7 32. g4 Ne3 33. Rf4 Re7 34. Re4 Nd5 35. Kh3 Nf6 36. Re1 Nh7 37. Ne4 f6 38. Kh4 e5 39. Rf1 Rd7 40.
h6+ Kg6 41. Rf2 Rd4 42. Ng3 Rf4 43. Rxf4 exf4 44. Nf5 Ng5 0-1

[Event "Late-Titled-Tuesday-Blitz-March-12-2024"]
[Site "Chess.com"]
[Date "2024.03.12"]
[Round "1"]
[White "janhelmer03"]
[Black "ChessSwole"]
[Result "0-1"]
[WhiteElo "2399"]
[BlackElo "2715"]
[TimeControl "180+1"]
[EndTime "14:06:46 PDT"]
[Termination "ChessSwole won by resignation"]

1. d4 d5 2. c4 e6 3. cxd5 exd5 4. Nc3 c6 5. Nf3 Bf5 6. Bf4 Bd6 7. Bxd6 Qxd6 8. e3 Ne7 9. Bd3 O-O 10. O-O Nd7 11. Qc2 Bxd3 12. Qxd3 a5 13. Rac1 g6 14. Na4 Nf5 15.
Nc5 Nxc5 16. Rxc5 h5 17. h3 a4 18. Qa3 Ra6 19. Rfc1 Qe7 20. R5c3 Qxa3 21. Rxa3 Nd6 22. Nd2 Nb5 23. Rd3 Rb6 24. Rc2 Re8 25. f3 Nd6 26. Kf2 Kg7 27. Ra3 Ra8 28. b3 Rba6 29. b4 Rb6 30. Rb2 f5 31. Rc3 a3 32. Rbb3 Nb5 33. Rd3 Ra4 34. Nb1 Nd6 35. Nxa3 Rbxb4 36. Rxb4 Rxb4 37.
Rb3 Ra4 38. Ke2 b5 39. Kf1 Kf6 40. f4 Ke6 41. h4 Nc4 42. Nxc4 dxc4 43. Rb2 Kd5 44.
Ke2 c3 45. Rc2 Kc4 46. g3 b4 47. Rc1 Rxa2+ 48. Kf3 b3 0-1

[Event "Late-Titled-Tuesday-Blitz-March-12-2024"]
[Site "Chess.com"]
[Date "2024.03.12"]
[Round "1"]
[White "arenal72"]
[Black "Sajkochess"]
[Result "1-0"]
[WhiteElo "2658"]
[BlackElo "2316"]
[TimeControl "180+1"]
[EndTime "14:06:47 PDT"]
[Termination "arenal72 won by resignation"]

1. Nf3 Nf6 2. g3 d5 3. Bg2 e6 4. O-O c5 5. c4 d4 6. d3 h6 7. e4 Nc6 8. a3 a5 9. b3 Bd6 10. Kh1 e5 11. Nh4 O-O 12. Nf5 Bxf5 13. exf5 Qd7 14.
g4 Nh7 15. Nd2 Qe7 16. Ne4 Bc7 17. Qf3 Qh4 18. Nxc5 e4 19. Qh3 Qxh3 20. Bxh3 exd3 21. Nxd3 Ne5 22. Bf4 Nxd3 23. Bxc7 Rfc8 24. Bb6 a4 25. bxa4 Rxc4 26. a5 Nf4 27. Bg2 Nxg2 28. Kxg2 d3 29. f3 Rc2+ 30. Rf2 Re8 31. Rd1 Ree2 32.
Rxd3 Ng5 33. Rxe2 Rxe2+ 34. Kg3 h5 35. h4 Nh7 36. Rd8+ Nf8 37. Bc5 hxg4 38. Rxf8+ Kh7 39.
fxg4 Rd2 40. Rxf7 Rd3+ 41. Kf4 Rc3 42. Bd4 Rc4 43. Ke4 Ra4 44. Rxb7 Kh6 45. g5+ Kh5 46.
Rxg7 Kg4 47. f6 Rxa5 48. f7 Kh5 49. f8=Q Re5+ 50. Kxe5 1-0

[Event "Late-Titled-Tuesday-Blitz-March-12-2024"]
[Site "Chess.com"]
[Date "2024.03.12"]
[Round "1"]
[White "jocmil"]
[Black "ccccvhhhj"]
[Result "1-0"]
[WhiteElo "2788"]
[BlackElo "2444"]
[TimeControl "180+1"]
[EndTime "14:06:48 PDT"]
[Termination "jocmil won on time"]

1. b3 d5 2. Bb2 c5 3. e3 Nc6 4. Bb5 Bf5 5. Nf3 e6 6. Ne5 Qb6 7.
Bxc6+ bxc6 8. g4 Bg6 9. h4 f6 10. Nxg6 hxg6 11. Nc3 Bd6 12. Qe2 Ne7 13. O-O-O c4 14.
h5 cxb3 15. axb3 g5 16. f4 Qa5 17. fxg5 fxg5 18. Na4 e5 19. e4 d4 20. Rhf1 O-O-O 21. Qc4 Qb5 22. Qe6+ Kc7 23. Rf7 Rd7 24. Rxg7 d3 25.
Qc4 dxc2 26. Kxc2 Qa5 27. Bc3 Qb5 28. Rf1 Qb7 29. Rff7 Rb8 30. Ba5+ Kc8 31. Rf8+ 1-0

[Event "Late-Titled-Tuesday-Blitz-March-12-2024"]
[Site "Chess.com"]
[Date "2024.03.12"]
[Round "1"]
[White "Rinqed222"]
[Black "Fh2411"]
[Result "0-1"]
[WhiteElo "2310"]
[BlackElo "2650"]
[TimeControl "180+1"]
[EndTime "14:06:49 PDT"]
[Termination "Fh2411 won by resignation"]

1. e4 c5 2. Nc3 e6 3. Nf3 a6 4. g3 b5 5. Bg2 Bb7 6. d4 cxd4 7. Nxd4 Nc6 8. O-O Qb6 9. Nb3 d6 10. Be3 Qc7 11. a4 b4 12. Ne2 Nf6 13. a5 Be7 14.
Bb6 Qd7 15. c3 O-O 16. Qc2 Rfc8 17. Rad1 Qe8 18. Qb1 bxc3 19. Nxc3 Ne5 20. f4 Nc4 21. Nd2 Nxb6 22. axb6 Bd8 23. e5 Bxb6+ 24. Kh1 Bxg2+ 25. Kxg2 dxe5 26. fxe5 Ng4 27. Qe4 Ne3+ 28. Kh3 Nxd1 29. Nxd1 h6 30. Nc4 Bc5 31. Nde3 Ra7 32. Ng4 Rd7 33. Rf6 Rd4 34. Qf3 Rxc4 35. Rxh6 Rxg4 36. Qxg4 Bf8 37. Qh4 gxh6 38. Qg4+ Bg7 0-1

[Event "Late-Titled-Tuesday-Blitz-March-12-2024"]
[Site "Chess.com"]
[Date "2024.03.12"]
[Round "1"]
[White "DishonorOnYourCow"]
[Black "Jospem"]
[Result "0-1"]
[WhiteElo "2565"]
[BlackElo "3117"]
[TimeControl "180+1"]
[EndTime "14:06:50 PDT"]
[Termination "Jospem won on time"]

1. d4 Nf6 2. c4 e6 3. Nf3 Bb4+ 4.
Nbd2 O-O 5. a3 Be7 6. e4 d6 7.
Be2 Nfd7 8. b4 e5 9. d5 a5 10. Bb2 c5 11. b5 Nb6 12. O-O f5 13. exf5 Bxf5 14. a4 Qe8 15. Re1 Qg6 16. Nf1 N8d7 17. Ng3 Bg4 18. Nxe5 Nxe5 19. Bxg4 Nbxc4 20. Be6+ Kh8 21. Bxe5 Nxe5 22. Qe2 Bg5 23. Rad1 Rf4 24. Ne4 Be7 25. Kh1 Raf8 26. f3 c4 27. Rf1 Nd3 28. Nd2 Ne5 29.
Ne4 Qh6 30. Qd2 b6 31. Qf2 g5 32. Qxb6 g4 33. Ng3 gxf3 34. gxf3 Nxf3 35. Rf2 Rh4 36.
Nf1 Rhf4 37. Qe3 Ne5 38. Rxf4 Rxf4 39. Ng3 Nf3 40. Qf2 Nxh2 41. Qxh2 Rh4 42. Rd2 Qxd2 0-1

[Event "Late-Titled-Tuesday-Blitz-March-12-2024"]
[Site "Chess.com"]
[Date "2024.03.12"]
[Round "1"]
[White "rdarruda"]
[Black "Msb2"]
[Result "0-1"]
[WhiteElo "2548"]
[BlackElo "3021"]
[TimeControl "180+1"]
[EndTime "14:06:52 PDT"]
[Termination "Msb2 won on time"]

1. d4 d5 2. Nf3 e6 3. c4 Nf6 4. e3 Bd6 5. Nc3 O-O 6. Bd3 dxc4 7.
Bxc4 Nc6 8. O-O e5 9. dxe5 Nxe5 10. Nxe5 Bxe5 11. Qe2 c6 12. e4 Qe7 13. f3 b5 14.
Bb3 a5 15. Bc2 Ba6 16. Bd3 Rfd8 17. Rd1 b4 18. Na4 Rxd3 19. Rxd3 Bxd3 20. Qxd3 Rd8 21. Qe2 Nh5 22. g3 Bxg3 23. hxg3 Nxg3 24. Qe1 Nh5 25. Be3 Rd6 26. Rd1 Rg6+ 27. Kf1 Ng3+ 28. Kf2 Qh4 29.
Bb6 h6 30. Bd8 Qh2+ 31. Ke3 Nh5 32. Qf2 Rg2 33. Qe1 Qf4+ 34. Kd3 Qxf3+ 35. Kc4 Rc2+ 36. Nc3 bxc3 37. bxc3 Nf4 38. Bc7 Ne6 39. Rd3 Qg4 40. a4 Re2 41. Qh1 Qxe4+ 42. Qxe4 Rxe4+ 0-1

[Event "Late-Titled-Tuesday-Blitz-March-12-2024"]
[Site "Chess.com"]
[Date "2024.03.12"]
[Round "1"]
[White "Mackster23"]
[Black "Incognizance"]
[Result "1-0"]
[WhiteElo "2572"]
[BlackElo "1833"]
[TimeControl "180+1"]
[EndTime "14:06:53 PDT"]
[Termination "Mackster23 won on time"]

1. e4 c5 2. Nf3 Nc6 3. d4 cxd4 4. Nxd4 e5 5. Nb5 d6 6. N1c3 a6 7. Na3 b5 8. Nd5 Nge7 9. c4 Nd4 10. cxb5 Nxd5 11.
exd5 Bd7 12. bxa6 Qa5+ 13. Bd2 Qxd5 14. Nc2 Qe4+ 15. Ne3 f5 16. Bc4 f4 17. Bd5 Qd3 18. Bxa8 fxe3 19. fxe3 Nc2+ 20. Kf2 Qf5+ 21. Qf3 Qd3 22.
Rad1 Be7 23. a7 Rf8 24. Qxf8+ Bxf8 25. Bf3 Qf5 26. a8=Q+ Ke7 27. Qe4 Qxe4 28. Bxe4 1-0

[Event "Late-Titled-Tuesday-Blitz-March-12-2024"]
[Site "Chess.com"]
[Date "2024.03.12"]
[Round "1"]
[White "TimGrutter03"]
[Black "Vesapesa"]
[Result "1-0"]
[WhiteElo "2605"]
[BlackElo "2217"]
[TimeControl "180+1"]
[EndTime "14:06:54 PDT"]
[Termination "TimGrutter03 won by checkmate"]

1. d4 d5 2. c4 e6 3. Nc3 Nf6 4. cxd5 exd5 5. Bg5 Nbd7 6. e3 Be7 7. Bd3 c6 8. Nge2 Nf8 9. Qc2 Ne6 10. Bh4 g6 11. O-O O-O 12. Rae1 Ng7 13. f3 b5 14. a3 a5 15. Bf2 Bb7 16. e4 b4 17. axb4 axb4 18. Na4 dxe4 19. fxe4 Ng4 20. Bc4 Nxf2 21. Rxf2 Qa5 22. b3 Ba6 23. Ref1 Bxc4 24. Qxc4 Ne6 25. d5 cxd5 26. exd5 Rac8 27. Qe4 Bc5 28. dxe6 Bxf2+ 29. Rxf2 f5 30. Qe3 Rfe8 31. g4 fxg4 32. e7 Qc7 33. Qe6+ Kh8 34. Qf6+ Kg8 35. Qf7+ Kh8 36. Qf6+ Kg8 37. Qe6+ Kh8 38. Rf7 Qa7+ 39. Kf1 Qb7 40. Qf6+ Kg8 41. Qg7# 1-0

[Event "Late-Titled-Tuesday-Blitz-March-12-2024"]
[Site "Chess.com"]
[Date "2024.03.12"]
[Round "1"]
[White "ChessFanNM"]
[Black "KChor05"]
[Result "0-1"]
[WhiteElo "2279"]
[BlackElo "2633"]
[TimeControl "180+1"]
[EndTime "14:06:57 PDT"]
[Termination "KChor05 won on time"]

1. Nf3 Nf6 2. c4 g6 3. Nc3 Bg7 4. e4 d6 5. d4 O-O 6. Be2 e5 7.
O-O Nc6 8. d5 Ne7 9. b4 Ne8 10.
c5 f5 11. Ng5 Nf6 12. Bf3 fxe4 13. Bxe4 Nxe4 14. Ngxe4 Nf5 15. Bg5 Qe8 16. a4 h6 17.
Bd2 Qf7 18. b5 Rd8 19. Re1 Nd4 20. a5 dxc5 21. Nxc5 b6 22. N5e4 Bb7 23. a6 Bxd5 24. Nxd5 Rxd5 25. Nc3 Rd7 26. Qb1 Nb3 27. Qe4 Rad8 28.
Be3 Nxa1 29. Rxa1 Rd3 30. Qb4 e4 31. Qxe4 Bxc3 32. Rb1 Rd1+ 0-1

[Event "Late-Titled-Tuesday-Blitz-March-12-2024"]
[Site "Chess.com"]
[Date "2024.03.12"]
[Round "1"]
[White "tptagain"]
[Black "Redzishchess"]
[Result "1-0"]
[WhiteElo "2957"]
[BlackElo "2534"]
[TimeControl "180+1"]
[EndTime "14:07:01 PDT"]
[Termination "tptagain won by resignation"]

1. Nf3 Nf6 2. b3 b6 3. Bb2 g6 4. g3 Bg7 5. Bg2 Bb7 6. O-O O-O 7. c4 c5 8. d4 cxd4 9. Qxd4 d6 10. Rd1 Nbd7 11.
Qc3 Rc8 12. Qe1 Nc5 13. Na3 Nce4 14. Nd4 Qc7 15. Nab5 Qb8 16. f3 Nc5 17. e4 Nfd7 18. Kh1 h5 19. Nc3 h4 20. gxh4 Ne5 21. Qe2 f5 22.
Nd5 Bxd5 23. exd5 f4 24. Bh3 Rf7 25. Ne6 b5 26. Ng5 bxc4 27. Bxc8 Qxc8 28. Nxf7 Kxf7 29.
bxc4 Qh3 30. Bxe5 Bxe5 31. Rab1 Qxh4 32. Rg1 g5 33. Rb5 Bf6 34. Rxc5 dxc5 35. Re1 Kg7 36. Qe6 Qh7 37. Qxe7+ Bxe7 38. Rxe7+ Kg6 39. Rxh7 Kxh7 40. d6 1-0

[Event "Late-Titled-Tuesday-Blitz-March-12-2024"]
[Site "Chess.com"]
[Date "2024.03.12"]
[Round "1"]
[White "Vladimir_Zakhartsov"]
[Black "Er_is_geen_hoop_meer"]
[Result "1-0"]
[WhiteElo "2910"]
[BlackElo "2518"]
[TimeControl "180+1"]
[EndTime "14:07:01 PDT"]
[Termination "Vladimir_Zakhartsov won by resignation"]

1. d4 d6 2. e4 Nf6 3. Nc3 e5 4. Nf3 Nbd7 5. Bc4 Be7 6. a4 a5 7. O-O O-O 8. h3 c6 9. Re1 h6 10. Be3 Qc7 11. Qd2 Re8 12. Bxh6 gxh6 13. Qxh6 d5 14.
exd5 cxd5 15. Bxd5 Nxd5 16. Nxd5 Qd6 17. Nxe7+ Qxe7 18. Re4 f5 19. Qg6+ Kf8 20. Rh4 Qg7 21. Qd6+ Kg8 22.
dxe5 Nxe5 23. Nxe5 Qxe5 24. Qg6+ Kf8 25. Rh7 Be6 26.
Rxb7 Bd5 27. Rb5 Qe4 28. Rd1 Be6 29. Rd3 Ra6 30. Qh6+ Kf7 31. Rg3 Ke7 32. Rg7+ Kd6 33. Qd2+ Bd5 34. Rxd5+ Qxd5 35. Rd7+ Kxd7 36. Qxd5+ Kc7 37.
Qc5+ Rc6 38. Qxa5+ Kb7 39. Qxf5 Re1+ 40. Kh2 Re2 41.
Qb5+ Ka7 42. Qxe2 Ka8 43. Qe4 Kb8 44. Qxc6 1-0

[Event "Late-Titled-Tuesday-Blitz-March-12-2024"]
[Site "Chess.com"]
[Date "2024.03.12"]
[Round "1"]
[White "KaydenTroffChess"]
[Black "PlotnikovPavel"]
[Result "1-0"]
[WhiteElo "2815"]
[BlackElo "2457"]
[TimeControl "180+1"]
[EndTime "14:07:02 PDT"]
[Termination "KaydenTroffChess won by checkmate"]

1. d4 e6 2. Nf3 f5 3. g3 Nf6 4. Bg2 b6 5. O-O Bb7 6. c4 Be7 7. Nc3 O-O 8. d5 Qc8 9. Nd4 Bb4 10. Bf4 Bxc3 11. bxc3 Re8 12. Bg5 Ne4 13. Bxe4 fxe4 14.
Qd2 Na6 15. Rad1 Nc5 16. d6 a6 17. Nb3 h6 18. Be3 Nxb3 19. axb3 c5 20. f3 exf3 21. exf3 Qc6 22. Bxh6 gxh6 23. Qxh6 Rf8 24. Qg5+ Kh8 25.
Qh6+ Kg8 26. Qg6+ Kh8 27. Rd3 Rf5 28. g4 Rff8 29. h4 Rae8 30. h5 e5 31. Qh6+ Kg8 32.
Qg6+ Kh8 33. h6 Re6 34. Qg7# 1-0

[Event "Late-Titled-Tuesday-Blitz-March-12-2024"]
[Site "Chess.com"]
[Date "2024.03.12"]
[Round "1"]
[White "KyronGriffith"]
[Black "emeli_chess"]
[Result "1-0"]
[WhiteElo "2704"]
[BlackElo "2378"]
[TimeControl "180+1"]
[EndTime "14:07:02 PDT"]
[Termination "KyronGriffith won by resignation"]

1. e4 e5 2. Nf3 Nc6 3. Nc3 Nf6 4.
d4 exd4 5. Nxd4 Bb4 6. Nxc6 bxc6 7. Bd3 d5 8. exd5 cxd5 9. O-O O-O 10. Bg5 Be6 11.
Qf3 h6 12. Bxf6 Qxf6 13. Qxf6 gxf6 14. Ne2 Rfb8 15. b3 Ba3 16. Rad1 a5 17. Nd4 Bb2 18. Nf5 Bxf5 19. Bxf5 c6 20. a4 Rb4 21. Rd3 Rd8 22. Rh3 Kg7 23. Re1 Rf4 24. Bd3 Bd4 25. Re2 Rd6 26. g3 Rg4 27. Kg2 Bc5 28. Kf3 Rg5 29.
Re8 Re6 30. Ra8 Bb4 31. Rh4 Re1 32. Rf4 Rge5 33. h4 Rh1 34. Rg4+ Rg5 35. hxg5 hxg5 36. Rxb4 axb4 37. a5 Ra1 38. a6 c5 39. a7 Ra2 40.
Bb5 Ra3 41. Bc6 c4 42. Bxd5 c3 43. Ke3 Ra2 44. Kd3 f5 45. f3 Kf6 46. Kc4 Rxc2 47. Re8 Ra2 48. a8=Q c2 49. Re1 Rxa8 50. Bxa8 1-0